 Dungeon Crawl Stone Soup version 0.20.1-1-g8b1a95d (webtiles) character file.

3283 Nattfarinn the Blocker (level 10, -1/58 HPs)
             Began as a Gargoyle Berserker on Aug 5, 2017.
             Was an Elder of Trog.
             Slain by a red ugly thing (16 damage)
             ... on level 8 of the Dungeon.
             The game lasted 00:14:09 (6411 turns).

Nattfarinn the Blocker (Gargoyle Berserker)         Turns: 6411, Time: 00:14:10

Health: -1/58      AC: 20    Str: 21    XL:     10   Next: 0%
Magic:  10/10      EV:  6    Int:  8    God:    Trog [****..]
Gold:   359        SH: 13    Dex: 12    Spells: 9/9 levels left

rFire    . . .     SeeInvis .   r - +3 dagger (elec)
rCold    . . .     Gourm    .   m - +0 shield
rNeg     + . .     Faith    .   p - +1 plate armour
rPois    ∞         Spirit   .   (no helmet)
rElec    +         Reflect  .   E - +0 cloak
rCorr    .         Harm     .   (no gloves)
MR       .....                  (no boots)
Stlth    ..........             (no amulet)
Regen    0.2/turn               (no ring)
MPRegen  0.2/turn               (no ring)

@: no status effects
A: negative energy resistance 1, electricity resistance, unbreathing,
petrification resistance, rot immunity, AC +7
a: Berserk, Trog's Hand, Brothers in Arms, Burn Spellbooks, Renounce Religion


You were on level 8 of the Dungeon.
You worshipped Trog.
Trog was greatly pleased with you.
You were not hungry.

You visited 1 branch of the dungeon, and saw 8 of its levels.

You collected 536 gold pieces.
You spent 177 gold pieces at shops.

Inventory:

Hand Weapons
 a - a +0 mace
 l - a +0 short sword of holy wrath
 r - a +3 dagger of electrocution (weapon)
 A - a +0 whip of flaming
 C - a +0 flail of crushing
 D - a -2 short sword
 J - the +2 dagger "Roerch" {protect, rF- rN+ Int+3 Dex+2}
   (You found it on level 7 of the Dungeon)

   It protects the one who uses it against injury (+AC on strike).
   It affects your intelligence (+3).
   It affects your dexterity (+2).
   It makes you vulnerable to fire.
   It protects you from negative energy.
Armour
 b - a +0 animal skin
 m - a +0 shield (worn)
 p - a +1 plate armour (worn)
 x - a +0 robe
 z - a +0 troll leather armour {Purgy}
 E - a +0 cloak (worn)
Jewellery
 j - an uncursed ring of protection from magic {unknown}
 s - an uncursed ring of flight
 B - an uncursed amulet of faith {unknown}
 I - an uncursed ring of see invisible {unknown}
 L - an uncursed ring of see invisible {unknown}
Wands
 f - a wand of lightning (6/15)
 h - a wand of polymorph (14/24)
 G - a wand of acid (8/15)
 K - a wand of flame (39/48)
Scrolls
 d - 9 scrolls of identify
 e - a scroll of teleportation
 n - 3 scrolls of enchant weapon
 q - 3 scrolls of fear
 y - 3 scrolls of magic mapping
Potions
 k - 2 potions of degeneration
 o - 2 potions of curing
 u - 2 potions of brilliance
 v - a potion of heal wounds
 w - a potion of might {unknown}
Books
 H - a book of Necromancy

   Spells                             Type                      Level
   a - Pain                           Necromancy                   1
   b - Animate Skeleton               Necromancy                   1
   c - Vampiric Draining              Necromancy                   3
   d - Regeneration                   Charms/Necromancy            3
   e - Animate Dead                   Necromancy                   4
   f - Control Undead                 Necromancy                   4
   Trog disapproves of the use of such an item.
Comestibles
 c - 9 bread rations
 g - 6 meat rations
 i - 7 fruits
 t - 5 royal jellies
 M - 2 chunks of flesh


   Skills:
 - Level 4.6 Fighting
 - Level 3.0 Maces & Flails
 - Level 2.1 Armour
 - Level 1.5 Dodging
 * Level 13.9 Shields


You had 9 spell levels left.
You didn't know any spells.

Dungeon Overview and Level Annotations

Branches:
Dungeon (8/15)             Temple (0/1) D:5
   Lair: D:8-11

Altars:
Dithmenos
Kikubaaqudgha
Nemelex Xobeh
Okawaru
Yredelemnul
Zin

Shops:
D:5 *[*!


Innate Abilities, Weirdness & Mutations

You are resistant to torment.
Your stone body is resilient. (AC +7)
You are immune to poison.
You resist negative energy. (rN+)
You are resistant to electric shocks. (rElec)
You can survive without breathing.
You are immune to petrification.
You are immune to rotting.


Message History

The red ugly thing is heavily wounded.
You block the red ugly thing's attack.
You hit the red ugly thing.
Lightning courses through the red ugly thing!
The red ugly thing is almost dead.
You block the red ugly thing's attack.
You hit the red ugly thing but do no damage.
The red ugly thing is almost dead.
You block the red ugly thing's attack.
You barely miss the red ugly thing.
The red ugly thing is severely wounded.
The red ugly thing kicks you but does no damage.
You hit the red ugly thing but do no damage.
Lightning courses through the red ugly thing!
The red ugly thing is almost dead.
The red ugly thing kicks you but does no damage.
The red ugly thing kicks you.
* * * LOW HITPOINT WARNING * * *
You are engulfed in flames!
You die...

## #.. .(# ###### #.#
#.# #####....# #.# #.#
#....@u..# #(# #.#
#.#.#.#..# ##.## #.#
#........###...#####.#
#.#.#.#...............
#........###<..#####.#
#.#%#.#..# ##.## #.#
#††.....## #.# #<#
########...###.# #.#
#.# .............#.#
#.######.#


You could see a red ugly thing.

Vanquished Creatures
  Pikel (D:6)
  A troll (D:8)
  Grinder (D:5)
  A human (D:7)
  2 hogs (D:7)
  Menkaure (D:4)
  Purgy (D:4)
  2 ice beasts (D:5)
  Duvessa (D:6)
  A sky beast (D:6)
  A slave (D:6)
  A phantom (D:6)
  An ogre (D:7)
  A centaur (D:5)
  2 bullfrogs
  Dowan (D:6)
  A water moccasin skeleton (D:7)
  A bullfrog zombie (D:7)
  A jelly (D:5)
  A centaur zombie (D:7)
  A gnoll shaman (D:7)
  3 hounds
  An orc priest (D:3)
  Crazy Yiuf (D:6)
  An orc wizard (D:3)
  2 bullfrog skeletons
  3 iguanas
  5 worker ants
  2 hound skeletons
  A howler monkey skeleton (D:7)
  4 gnolls (D:7)
  11 adders
  A shadow imp (D:7)
  4 oozes
  A worm (D:2)
  3 dart slugs
  4 leopard geckos
  7 orcs
  2 ball pythons
  8 giant cockroaches
  8 goblins
  8 hobgoblins
  13 kobolds
  5 quokkas
  9 bats
  5 frilled lizards
  2 jackal skeletons
  A leopard gecko skeleton (D:7)
  A quokka skeleton (D:6)
  8 rats
148 creatures vanquished.

Vanquished Creatures (collateral kills)
  A yak (D:7)
  A hog (D:7)
  A sky beast (D:7)
  A scorpion (D:7)
  3 hounds (D:8)
  2 orc priests (D:7)
  An orc (D:7)
10 creatures vanquished.

Grand Total: 158 creatures vanquished

Notes
Turn   | Place    | Note
-------+----------+-------------------------------------------
     0 | D:1      | Nattfarinn the Gargoyle Berserker began the quest for the Orb.
     0 | D:1      | Reached XP level 1. HP: 14/14 MP: 1/1
   243 | D:1      | Reached XP level 2. HP: 20/20 MP: 2/2
   476 | D:1      | Reached XP level 3. HP: 24/24 MP: 3/3
   935 | D:2      | Reached skill level 1 in Shields
  1172 | D:2      | Reached ** piety under Trog
  1436 | D:2      | Reached skill level 2 in Shields
  1436 | D:2      | Reached XP level 4. HP: 30/30 MP: 4/4
  1739 | D:2      | Found a faded altar of an unknown god.
  1835 | D:2      | Reached skill level 3 in Shields
  2145 | D:3      | Reached XP level 5. HP: 32/34 MP: 5/5
  2155 | D:3      | Reached skill level 4 in Shields
  2249 | D:3      | Reached *** piety under Trog
  2369 | D:3      | Found a basalt altar of Yredelemnul.
  2696 | D:4      | Noticed Menkaure
  2705 | D:4      | Killed Menkaure
  2705 | D:4      | Reached skill level 6 in Shields
  2705 | D:4      | Reached XP level 6. HP: 39/39 MP: 6/6
  3199 | D:4      | Noticed Purgy
  3211 | D:4      | Killed Purgy
  3211 | D:4      | Reached skill level 7 in Shields
  3211 | D:4      | Reached XP level 7. HP: 44/44 MP: 7/7
  3429 | D:5      | Entered Level 5 of the Dungeon
  3429 | D:5      | Found a staircase to the Ecumenical Temple.
  3604 | D:5      | Noticed Grinder
  3609 | D:5      | Found Peemed's Armour Emporium.
  3617 | D:5      | Killed Grinder
  3617 | D:5      | Reached skill level 8 in Shields
  3704 | D:5      | Found Icsog's General Store.
  3757 | D:5      | Found Kuiwk's Assorted Antiques.
  3760 | D:5      | Found a glowing silver altar of Zin.
  3763 | D:5      | Bought 2 scrolls of identify for 112 gold pieces
  3823 | D:5      | Reached skill level 9 in Shields
  3823 | D:5      | Reached XP level 8. HP: 48/48 MP: 8/8
  4070 | D:5      | Found Womitt's Distillery.
  4077 | D:5      | Bought a potion of heal wounds for 65 gold pieces
  4287 | D:6      | Reached skill level 10 in Shields
  4530 | D:6      | Found a sparkling altar of Nemelex Xobeh.
  4616 | D:6      | Found a runed door.
  4721 | D:6      | Noticed Pikel
  4734 | D:6      | Killed Pikel
  4734 | D:6      | Reached skill level 11 in Shields
  4779 | D:6      | Reached XP level 9. HP: 51/52 MP: 9/9
  4855 | D:6      | Noticed Duvessa
  4860 | D:6      | Noticed Dowan
  4864 | D:6      | Killed Dowan
  4871 | D:6      | Killed Duvessa
  4871 | D:6      | Reached skill level 12 in Shields
  4949 | D:6      | Noticed Crazy Yiuf
  4960 | D:6      | Killed Crazy Yiuf
  5024 | D:7      | Reached **** piety under Trog
  5074 | D:7      | Found an ancient bone altar of Kikubaaqudgha.
  5248 | D:7      | Found an iron altar of Okawaru.
  5383 | D:7      | Found a shadowy altar of Dithmenos.
  5917 | D:7      | Reached skill level 13 in Shields
  6206 | D:7      | Got a warped dagger
  6207 | D:7      | Identified the +2 dagger "Roerch" {protect, rF- rN+ Int+3 Dex+2} (You found it on level 7 of the Dungeon)
  6260 | D:8      | Noticed a troll
  6296 | D:8      | Killed a troll
  6296 | D:8      | Reached XP level 10. HP: 32/58 MP: 10/10
  6395 | D:8      | Noticed a red ugly thing
  6411 | D:8      | Slain by a red ugly thing

Skill      XL: |  1  2  3  4  5  6  7  8  9 |
---------------+----------------------------+-----
Fighting       | 4 |  4.6
Shields        | 2 3 6 7 9 11 13 | 13.9
Maces & Flails | |  3.0
Armour         | |  2.1
Dodging        | |  1.5

Action                   |  1- 3 |  4- 6 |  7- 9 | 10-12 || total
-------------------------+-------+-------+-------+-------++-------
Melee: Mace              |    59 |       |       |       ||    59
       Short sword       |    85 |       |       |       ||    85
       Dagger            |    16 |   142 |   296 |    12 ||   466
Invok: Berserk           |     1 |     2 |     2 |       ||     5
       Brothers in Arms  |       |       |     3 |       ||     3
  Use: Scroll            |       |     9 |     1 |     1 ||    11
       Potion            |       |       |     8 |       ||     8
 Stab: Sleeping          |       |     1 |       |       ||     1
  Eat: Chunk             |     2 |     6 |    14 |     1 ||    23
       Fruit             |       |     1 |       |       ||     1
Armor: Animal skin       |    45 |       |       |       ||    45
       Plate armour      |       |    48 |   147 |     2 ||   197
       Robe              |       |    26 |       |       ||    26
Dodge: Dodged            |    76 |    38 |    62 |     1 ||   177
Block: Shield            |    35 |    58 |   200 |     8 ||   301
